 Dungeon Crawl Stone Soup version 0.28-a0-1447-ga5a8893891 (webtiles) character file.

Game seed: 1632635516020039161

191 oldriver the Skirmisher (level 6, -1/49 HPs)
             Began as a Formicid Chaos Knight on Jan 11, 2022.
             Was a Plaything of Xom.
             Slain by an orc (11 damage)
             ... on level 3 of the Dungeon.
             The game lasted 00:01:55 (2102 turns).

oldriver the Skirmisher (Formicid Chaos Knight)     Turns: 2102, Time: 00:01:56

Health: -1/49      AC:  5    Str: 16 (18) XL:     6   Next: 2%
Magic:  0/6        EV: 11    Int: 10 (12) God:    Xom [..*...]
Gold:   93         SH:  0    Dex:  8 (10) Spells: 5/5 levels left

rFire   . . .      SeeInvis +   a - +0 hand axe (chaos)
rCold   . . .      Faith    .   m - orb {mayhem}
rNeg    . . .      Spirit   +   b - +2 leather armour
rPois   .          Reflect  .   (helmet unavailable)
rElec   .          Harm     .   (no cloak)
rCorr   .          Rampage  .   (no gloves)
Will    .....                   (no boots)
Stlth   +.........              l - amulet of guardian spirit
HPRegen 0.16/turn               (no ring)
MPRegen 0.10/turn               (no ring)

@: invisible
A: permanent stasis, dig shafts and tunnels, antennae 3, four strong arms
a: Dig, Shaft Self, Renounce Religion


You were on level 3 of the Dungeon.
You worshipped Xom.
You were a toy of Xom.
You visited 1 branch of the dungeon, and saw 3 of its levels.

You collected 93 gold pieces.

Inventory:

Hand Weapons
 a - a +0 hand axe of chaos (weapon)
Armour
 b - a +2 leather armour (worn)
 m - an orb of mayhem (worn)
Jewellery
 l - an amulet of guardian spirit (around neck)
Scrolls
 c - a scroll of noise {unknown}
 g - a scroll of immolation {unknown}
 i - a scroll of fear {unknown}
 j - a scroll of enchant armour {unknown}
 k - a scroll of vulnerability {unknown}
Potions
 d - a potion of ambrosia {unknown}
 h - a potion of haste {unknown}


   Skills:
 + Level 4.7 Fighting
 + Level 4.2 Axes
 + Level 4.0 Armour
 - Level 0.8 Dodging


You had 5 spell levels left.
You didn't know any spells.
Your spell library contained the following spells:

 Spells                   Type           Power      Damage    Failure   Level
 Conjure Flame            Conj/Fire      0%         6-21      80%         3
 Ignite Poison            Fire/Tmut/Pois 0%         N/A       80%         3
 Sticky Flame             Conj/Fire      0%         2d3       99%         4


Dungeon Overview and Level Annotations

Branches:
Dungeon (3/15)

Altars:
The Shining One


Innate Abilities, Weirdness & Mutations

You cannot be hasted, slowed, berserked, paralysed or teleported.
You can dig through walls and to a lower floor.
You have a pair of large antennae on your head. (SInv)
Your four strong arms can wield two-handed weapons with a shield.


Message History

You hit the orc priest.
The orc priest seems to speed up.
The orc priest is heavily wounded.
You hit the orc.
Space warps around the orc.
You closely miss the orc. The orc priest barely misses you.
The orc priest hits the endoplasm with a +0 short sword!
The endoplasm dies!
The orc priest looks encouraged for a moment.
The orc hits you but does no damage.
You hit the orc priest. You freeze the orc priest.
You kill the orc priest!
The orc flies into a frenzy!
You hit the orc but do no damage.
The orc stops moving altogether!
The orc hits the orc with a +4 mace.
The orc dies!
The orc priest shouts!
The orc hits the orc priest with a +4 mace!
The orc priest dies!
Your Armour skill increases to level 4!
You have reached level 6!
The orc closely misses you.
Found a stone staircase leading down.
The orc shouts!
The orc barely misses you. The orc hits you with a +4 mace.
* * * LOW HITPOINT WARNING * * *
It was a potion of curing.
You feel better. The orc misses you.
You feel better. The orc hits you with a +4 mace. The orc misses you.
You completely miss the orc. The orc hits you with a +4 mace!
* * * LOW HITPOINT WARNING * * *
Xom thinks this is hilarious!
You feel better. The orc barely misses you. The orc hits you with a +4 mace.
* * * LOW HITPOINT WARNING * * *
It was a potion of degeneration.
There was something very wrong with that liquid.
You feel weakened.
You feel dopey.
You feel clumsy. The orc closely misses you.
It was a potion of invisibility.
You fade into invisibility!
The orc hits you with a +4 mace!
You die... "Boring in life, boring in death..."

##.#..# .......<.# #..# .
##..... #.####.##.# #..###.
##...... ..# # #.#####....#.
....).. >.# #.......##... #....#
#.# ####.####.... ..##....####.#
##.## #.... #..........#.# #
##.#>###....
#.....>$)).#.####(###.###.......
#......)......o@.....## #.......
..##.).##.$##...#.###.###.†.....
...... #......#.....#...##....#
#..##.. ##.##.#...##.#.#.##....#
#. #.. #.##.##.###.#...##....# #
... #(##.##.# #.##.###.#.## ####
##......###..........#
#........####.###...#
###....)†.?.....†...#


You could see a neutral orc (fast, strong, insane).

Vanquished Creatures
  An orc priest (D:3)
  Natasha (twice) (D:3)
  2 adders
  2 worms (D:2)
  4 dart slugs
  4 ball pythons
  2 endoplasms
  2 goblins
  3 hobgoblins (D:1)
  5 jackals
  3 quokkas
  9 bats
  2 frilled lizards (D:2)
  A kobold (D:2)
  4 rats
46 creatures vanquished.

Vanquished Creatures (collateral kills)
  2 orc priests (D:3)
  An orc (D:3)
  An endoplasm (D:3)
  A kobold (D:3)
5 creatures vanquished.

Vanquished Creatures (others)
  A jackal (D:3)
1 creature vanquished.

Grand Total: 52 creatures vanquished

Notes
Turn   | Place    | Note
-------+----------+-------------------------------------------
     0 | D:1      | oldriver the Formicid Chaos Knight began the quest for the
                  | Orb.
     0 | D:1      | Reached XP level 1. HP: 18/18 MP: 1/1
   128 | D:1      | Reached XP level 2. HP: 19/24 MP: 2/2
   249 | D:1      | XOM: divination: magic mapping
   500 | D:1      | Found a faded altar of an unknown god.
   735 | D:1      | Reached XP level 3. HP: 30/30 MP: 3/3
  1207 | D:1      | XOM: noise
  1308 | D:2      | XOM: noise
  1675 | D:2      | Reached XP level 4. HP: 31/37 MP: 4/4
  1921 | D:3      | Found a glowing golden altar of the Shining One.
  1925 | D:3      | Noticed Natasha
  1936 | D:3      | Killed Natasha
  1997 | D:3      | Noticed Natasha
  2004 | D:3      | Killed Natasha
  2005 | D:3      | Reached XP level 5. HP: 41/43 MP: 5/5
  2087 | D:3      | XOM: enchant monster (good)
  2091 | D:3      | Reached XP level 6. HP: 5/49 MP: 1/6
  2102 | D:3      | Slain by an orc

Illustrated notes

Levels and vault maps discovered:
D:1:      lightli_arrival_maybe_door_vault, layout_loops_ring,
          basic_ecumenical_altar, nrook_uturn, hex_large,
          chequers_serial_rivers_micro_d, hangedman_decor_clover_reticule
D:2:      layout_basic
D:3:      layout_loops_ring, kennysheep_okawaru_gauntlet, tso_metal_star,
          minmay_misc_feat_nine_boxes, uniq_natasha, uniq_sigmund,
          uniq_crazy_yiuf_cottage

Skill      XL: |  1  2  3  4  5 |
---------------+----------------+-----
Armour         | 3 4 |  4.0
Fighting       | 4 |  4.7
Axes           | 4 |  4.2
Dodging        | |  0.8

Action                   |  1- 3 |  4- 6 || total
-------------------------+-------+-------++-------
Melee: Hand axe          |    93 |    50 ||   143
       Punch             |     1 |       ||     1
  Use: Potion            |       |     5 ||     5
Armor: Leather armour    |    42 |    23 ||    65
Dodge: Dodged            |    72 |    47 ||   119

Table legend: (Time is in decaauts)
 A = Elapsed time spent in this place.
 B = Non-inter-level travel time spent in this place.
 C = Inter-level travel time spent in this place.
 D = Time resting spent in this place.
 E = Time spent auto-exploring this place.
 F = Levels seen in this place.
 G = Mean time per level.
                   A        B        C        D        E       F      G
               +--------+--------+--------+--------+--------+-----+--------+
         Total |   2120 |   2046 |     74 |    175 |   1474 |   3 |  706.7 |
       Dungeon |   2120 |   2046 |     74 |    175 |   1474 |   3 |  706.7 |
               +--------+--------+--------+--------+--------+-----+--------+

Top non-repeatable levels by time:
     D:1: 1216 daAuts
     D:2: 686 daAuts
     D:3: 217 daAuts
